 Dungeon Crawl Stone Soup version 0.30-a0-782-ge64f9170bb (webtiles) character file.

Game seed: 9821677106030434759

459 Barriton the Conjurer (level 6, -15/46 HPs)
             Began as a Draconian Conjurer on Feb 23, 2023.
             Was a Follower of Sif Muna.
             Demolished by Pikel
             ... wielding a +0 whip of electrocution
              (16 damage)
             ... on level 4 of the Dungeon.
             The game lasted 00:10:09 (4414 turns).

Barriton the Conjurer (Draconian Conjurer)          Turns: 4414, Time: 00:10:10

Health: -15/46     AC:  6    Str: 10    XL:     6   Next: 78%
Magic:  9/11       EV: 12    Int: 20    God:    Sif Muna [*.....]
Gold:   320        SH:  0    Dex:  9    Spells: 8/11 levels left

rFire   x . .      SeeInvis .    d - staff of conjuration
rCold   + . .      Faith    .    (no shield)
rNeg    . . .      Spirit   .    (body armour unavailable)
rPois   .          Reflect  .    (helmet restricted)
rElec   .          Harm     .    (no cloak)
rCorr   .          Rampage  .    (no gloves)
Will    .....                    (no boots)
Stlth   ++                       (no amulet)
HPRegen 0.27/turn                i - ring of ice
MPRegen 0.12/turn                (no ring)

@: no status effects
A: AC +6, unfitting armour, cold-blooded
a: Renounce Religion, Channel Magic


You were on level 4 of the Dungeon.
You worshipped Sif Muna.
Sif Muna was aware of your devotion.
You visited 2 branches of the dungeon, and saw 5 of its levels.

You collected 320 gold pieces.

Inventory:

Hand Weapons
 e - a +2 heavy spear
Magical Staves
 d - a staff of conjuration (weapon)
Jewellery
 i - a ring of ice (left hand)
Wands
 l - a wand of polymorph (9)
 p - a wand of flame (15)
Scrolls
 k - a scroll of brand weapon {unknown}
 n - 2 scrolls of identify {unknown}
 o - a scroll of amnesia
Potions
 b - a potion of attraction {unknown}
 c - a potion of curing {unknown}
 f - 2 potions of might {unknown}
 g - a potion of heal wounds {unknown}
 h - a potion of ambrosia {unknown}
 j - a potion of flight {unknown}
 m - a potion of mutation {unknown}


   Skills:
 + Level 0.3 Fighting
 + Level 2.1 Staves
 + Level 2.3 Dodging
 + Level 2.5 Stealth
 + Level 0.2 Unarmed Combat
 + Level 3.3 Spellcasting
 * Level 6.6 Conjurations


You had 8 spell levels left.
You knew the following spells:

 Your Spells              Type           Power      Damage    Failure   Level
a - Magic Dart            Conj           100%       1d8       1%          1
b - Searing Ray           Conj           88%        2d7       1%          2

Your spell library contained the following spells:

 Spells                   Type           Power      Damage    Failure   Level
 Dazzling Flash           Conj/Hex       48%        N/A       11%         3
 Lesser Beckoning         Tloc           6%         N/A       21%         2
 Fulminant Prism          Conj/Hex       12%        3d8       34%         4
 Iskenderun's Mystic Bla  Conj/Tloc      24%        2d7       34%         4
 Gell's Gravitas          Tloc           3%         N/A       38%         3
 Teleport Other           Tloc           3%         N/A       38%         3


Dungeon Overview and Level Annotations

Branches:
Dungeon (4/15)             Temple (1/1) D:4

Altars:
Cheibriados
Fedhas
Gozag
Hepliaklqana
Kikubaaqudgha
Makhleb
Qazlal
Ru
Sif Muna
Uskayaw
Zin
The Shining One

Shops:
D:1 ?=   D:3 *

Annotations:
D:3 exclusion: oklob plant
D:4 Pikel


Innate Abilities, Weirdness & Mutations

Your plain brown scales are hard. (AC +6)
You cannot fit into any form of body armour.
You are cold-blooded and may be slowed by cold attacks.


Message History

Pikel hits you with a +0 whip of electrocution.
You bump into the rock wall.
Pikel barely misses you. Pikel attacks as you move away!
Pikel hits you with a +0 whip of electrocution.
* * * LOW HITPOINT WARNING * * *
You feel less confused.
Pikel zaps a wand.
You resist with some effort.
The now-empty wand crumbles to dust.
You are too injured to fight recklessly!
You are too injured to fight recklessly!
Pikel attacks as you move away! Pikel closely misses you.
Casting: Searing Ray (safe; 1% risk of failure)
Confirm with . or Enter, or press ? or * to list all spells.
Aiming: Magic Dart (safe; 1% risk of failure)
Press: ? - help, Shift-Dir - straight line, f/p - Pikel
Aim: Pikel, wielding a +0 whip of electrocution and wearing a +2 robe of willpower (severely wounded, 100% to hit)
You feel a surge of power!
The magic dart hits Pikel but does no damage.
Pikel is severely wounded.
Pikel hits you with a +0 whip of electrocution!
* * * LOW HITPOINT WARNING * * *
Casting: Magic Dart (safe; 1% risk of failure)
Confirm with . or Enter, or press ? or * to list all spells.
You don't have enough magic to cast this spell.
Unknown command.
Magic courses through your body. Pikel closely misses you.
Casting: Magic Dart (safe; 1% risk of failure)
Confirm with . or Enter, or press ? or * to list all spells.
Aiming: Searing Ray (safe; 1% risk of failure)
Press: ? - help, Shift-Dir - straight line, f/p - Pikel
Aim: Pikel, wielding a +0 whip of electrocution and wearing a +2 robe of willpower (heavily wounded, 77% to hit)
You feel a surge of power!
The searing ray misses Pikel. (Press . to maintain the ray.) Pikel barely misses you.
The searing ray hits Pikel.
Pikel is severely wounded.
Pikel hits you with a +0 whip of electrocution.
* * * LOW HITPOINT WARNING * * *
You are electrocuted!
You die...

##.......##############.#.#.##
##......................#.#.#
.###...........############.##
.............. +.>...........#
.............. ##.############
...#.......... ##.#
.............. #..#
#.<....###### #.## #....#.##
##@# .....#..# #.K#
.....##'#### #.## .#+#.......#
##.# .#.#...K...# #..#
##.#.......# #.##
#..........###.#
#....^.....)##.#
#.........#..#)#


You could see Pikel.

Vanquished Creatures
  Grinder (D:4)
  2 lemures (D:4)
  A scorpion (D:3)
  A howler monkey (D:4)
  An iguana (D:4)
  Robin (D:3)
  5 adders
  2 worms (D:2)
  A dart slug (D:2)
  5 orcs (D:3)
  8 bats
  3 endoplasms
  6 giant cockroaches
  13 goblins
  8 hobgoblins
  A quokka (D:1)
  4 ball pythons
  A frilled lizard (D:3)
  5 kobolds
  7 rats
  A spectral kobold (D:3)
77 creatures vanquished.

Vanquished Creatures (others)
  6 toadstools (D:3)
6 creatures vanquished.

Grand Total: 83 creatures vanquished

Notes
Turn   | Place    | Note
-------+----------+-------------------------------------------
     0 | D:1      | Barriton the Draconian Conjurer began the quest for the
                  | Orb.
     0 | D:1      | Reached XP level 1. HP: 14/14 MP: 3/3
   193 | D:1      | Found Mojud's Jewellery Shoppe.
   322 | D:1      | Reached XP level 2. HP: 20/20 MP: 1/5
   511 | D:1      | Learned a level 2 spell: Searing Ray
   658 | D:1      | Found Zafynguts's Magic Scroll Boutique.
  1370 | D:2      | Reached XP level 3. HP: 26/26 MP: 2/6
  1425 | D:2      | You fall into a shaft and drop 2 floors!
  1425 | D:4      | Found a staircase to the Ecumenical Temple.
  1430 | Temple   | Entered the Ecumenical Temple
  1436 | Temple   | Became a worshipper of Sif Muna the Loreminder
  2248 | D:2      | Reached skill level 5 in Conjurations
  2530 | D:2      | Identified a scroll of acquirement
  2530 | D:2      | Acquired a staff of conjuration
  2644 | D:3      | Reached XP level 4. HP: 33/33 MP: 2/7
  2692 | D:3      | Found Zin's Purification Station.
  2700 | D:3      | Found a glowing silver altar of Zin.
  2954 | D:3      | Found an opulent altar of Gozag.
  3051 | D:3      | Found a faded altar of an unknown god.
  3095 | D:3      | Noticed a scorpion
  3114 | D:3      | Killed a scorpion
  3115 | D:3      | Reached skill level 1 in Staves
  3115 | D:3      | Reached XP level 5. HP: 38/38 MP: 1/8
  3336 | D:3      | Found a blossoming altar of Fedhas.
  3350 | D:3      | Noticed an oklob plant
  3488 | D:3      | Reached * piety under Sif Muna
  3515 | D:3      | Noticed Robin
  3518 | D:3      | Killed Robin
  3950 | D:4      | Found a stormy altar of Qazlal.
  4059 | D:4      | Reached skill level 6 in Conjurations
  4148 | D:4      | Reached XP level 6. HP: 45/45 MP: 5/10
  4187 | D:4      | Noticed Grinder
  4192 | D:4      | Paralysed by Grinder for 2 turns
  4198 | D:4      | Killed Grinder
  4362 | D:4      | Noticed Pikel
  4414 | D:4      | HP: 1/46 [Pikel/+0 whip of electrocution (6)]
  4414 | D:4      | Demolished by Pikel

Illustrated notes

Levels and vault maps discovered:
D:1:      minmay_arrival_stone_box, layout_basic, serial_shops, shop, shop
D:2:      layout_basic
D:3:      layout_basic, zin_purify,
          nicolae_gozag_cash_rules_everything_around_me, tgw_fedhas,
          dreamdust_ecumenical_altar_drowned_temple, minmay_misc_feat_cross,
          minmay_misc_feat_more_columns, saegor_snake_ambush, uniq_robin
D:4:      layout_basic, mainiacjoe_overflow_tiny_flanked,
          minmay_temple_entry_mist, uniq_grinder, uniq_crazy_yiuf_cottage,
          uniq_pikel
Temple:   hellmonk_temple_two_chambers

Skill      XL: |  1  2  3  4  5  6 |
---------------+-------------------+-----
Dodging        | 2 |  2.3
Conjurations   | 5 6 |  6.6
Staves         | 1 2 |  2.1
Stealth        | 2 |  2.5
Spellcasting   | 3 |  3.3
Fighting       | |  0.3
Unarmed Combat | |  0.2

Action                     |  1- 3 |  4- 6 || total
---------------------------+-------+-------++-------
  Melee: Unarmed           |    16 |       ||    16
         Tailslap          |     3 |     1 ||     4
         Spear             |    11 |       ||    11
         Staff             |       |    16 ||    16
   Cast: Magic Dart        |    85 |    56 ||   141
         Searing Ray       |       |    11 ||    11
    Use: Scroll            |     5 |       ||     5
         Potion            |       |     1 ||     1
 Armour: Skin              |     7 |    13 ||    20
  Dodge: Dodged            |    29 |    25 ||    54

Table legend: (Time is in decaauts)
 A = Elapsed time spent in this place.
 B = Non-inter-level travel time spent in this place.
 C = Inter-level travel time spent in this place.
 D = Time resting spent in this place.
 E = Time spent auto-exploring this place.
 F = Levels seen in this place.
 G = Mean time per level.
                   A        B        C        D        E       F      G
               +--------+--------+--------+--------+--------+-----+--------+
         Total |   4456 |   4355 |    101 |      0 |   3839 |   5 |  891.2 |
       Dungeon |   4442 |   4346 |     96 |      0 |   3839 |   4 | 1110.5 |
        Temple |     13 |      8 |      5 |      0 |      0 |   1 |   13.0 |
               +--------+--------+--------+--------+--------+-----+--------+

Top non-repeatable levels by time:
     D:3: 1456 daAuts
     D:1: 1363 daAuts
     D:2: 1066 daAuts
     D:4: 556 daAuts
  Temple: 13 daAuts
